 Dungeon Crawl Stone Soup version 0.28-a0-1117-g0bdd5ba030 (webtiles) character file.

Game seed: 11888484967127673497

570 SensoryNuts the Cutter (level 7, -11/52 HPs)
             Began as a Vampire Gladiator on Dec 11, 2021.
             Was a Believer of Dithmenos.
             Mangled by KennySheep's ghost (17 damage)
             ... on level 4 of the Dungeon.
             The game lasted 00:06:33 (3462 turns).

SensoryNuts the Cutter (Vampire Gladiator)          Turns: 3462, Time: 00:06:33

Health: -11/52     AC: 12    Str: 15    XL:     7   Next: 11%
Magic:  7/7        EV:  5    Int: 11    God:    Dithmenos [**....]
Gold:   198        SH:  0    Dex: 15    Spells: 6/6 levels left

rFire   . . .      SeeInvis +   f - +3 dagger (protect)
rCold   . . .      Faith    .   (no shield)
rNeg    . . .      Spirit   .   o - +0 plate armour
rPois   .          Reflect  .   c - +0 helmet
rElec   .          Harm     .   (no cloak)
rCorr   .          Rampage  .   (no gloves)
Will    .....                   (no boots)
Stlth   ..........              (no amulet)
HPRegen 0.37/turn               (no ring)
MPRegen 0.10/turn               (no ring)

@: healing quickly, wreathed by umbra
A: alive, fangs 3, see invisible, vampiric 2
a: Exsanguinate, Renounce Religion, Shadow Step


You were on level 4 of the Dungeon.
You worshipped Dithmenos.
Dithmenos was pleased with you.
You visited 1 branch of the dungeon, and saw 4 of its levels.

You collected 198 gold pieces.

Inventory:

Hand Weapons
 a - a +0 rapier
 f - a +3 dagger of protection (weapon)
Missiles
 d - 3 throwing nets (quivered)
Armour
 b - a +0 leather armour
 c - a +0 helmet (worn)
 o - a +0 plate armour (worn)
Wands
 h - a wand of acid (9)
Scrolls
 e - a scroll of amnesia
 i - 2 scrolls of enchant weapon
 l - a scroll of magic mapping {unknown}
 n - a scroll of teleportation {unknown}
 q - a scroll of enchant armour {unknown}
Potions
 g - a potion of cancellation
 j - a potion of degeneration


   Skills:
 + Level 3.1 Fighting
 + Level 6.0 Short Blades
 + Level 1.6 Throwing
 + Level 2.5 Armour
 + Level 4.9 Dodging
 + Level 2.9 Stealth


You had 6 spell levels left.
You didn't know any spells.
Your spell library contained the following spells:

 Spells                   Type           Power      Damage    Failure   Level
 Beastly Appendage        Tmut           0%         N/A       100%        1
 Magic Dart               Conj           0%         1d3       100%        1
 Searing Ray              Conj           0%         2d4       100%        2
 Wereblood                Tmut           0%         N/A       100%        2
 Spider Form              Tmut/Pois      0%         N/A       100%        3
 Fulminant Prism          Conj/Hex       0%         3d6       100%        4


Dungeon Overview and Level Annotations

Branches:
Dungeon (4/15)             Temple (0/1) D:4

Altars:
Dithmenos
Gozag

Annotations:
D:4 KennySheep's ghost, novice DECj


Innate Abilities, Weirdness & Mutations

Your natural rate of healing is accelerated.
You have razor-sharp teeth.
You have supernaturally acute eyesight. (SInv)
You are afflicted with vampirism and can become a bat while bloodless.


Message History

You hit the white imp. You bite the white imp.
You kill the white imp!
Dithmenos accepts your kill.
The adder simulacrum closely misses you.
You hit the adder simulacrum.
The adder simulacrum is almost destroyed.
The adder simulacrum bites you but does no damage.
The howler monkey simulacrum hits you.
* * * LOW HITPOINT WARNING * * *
The howler monkey simulacrum freezes you!
* * * LOW HITPOINT WARNING * * *
Okay, then.
You hit the adder simulacrum.
The adder simulacrum vaporises!
Dithmenos accepts your kill. The howler monkey simulacrum hits you.
* * * LOW HITPOINT WARNING * * *
The howler monkey simulacrum freezes you.
* * * LOW HITPOINT WARNING * * *
You hit the howler monkey simulacrum. You bite the howler monkey simulacrum.
The howler monkey simulacrum is severely damaged.
The howler monkey simulacrum hits you but does no damage.
You hit the howler monkey simulacrum.
The howler monkey simulacrum is almost destroyed.
You feel yourself speed up.
The howler monkey simulacrum hits you but does no damage.
You hit the howler monkey simulacrum.
The howler monkey simulacrum vaporises!
Dithmenos accepts your kill.
Really walk into that cloud of freezing vapour?
Okay, then.
You recover from your berserk rage.
There is an open translucent gate here.
KennySheep's ghost turns its malevolent gaze towards you.
KennySheep's ghost hits you.
* * * LOW HITPOINT WARNING * * *
KennySheep's ghost hits you but does no damage.
KennySheep's ghost hits you but does no damage.
You are electrocuted!
You die...

#..##....##..#.......#........###
..###....##..#.......####.....#
........>+...#.......# #.....#
.........#...#.......# ##....#
#..###########.......# ##...#
.....................## #####
......................##
............###'''###..#
...........##...@...##.##
..........##...W.....#..#
..........#..........##.##
.........##....####...#..######
########.#...###($##..##......#
.........#..##..... #..#......#
.^.......#..#...=.. #..#......#
.##.....##..#..... #..#......#
.##.....# .......###..##......#


You could see KennySheep's ghost.

Vanquished Creatures
  Sigmund (D:2)
  An ice beast (D:4)
  A necrophage (D:4)
  A hound (D:4)
  Jessica (D:2)
  A scorpion simulacrum (D:4)
  7 adders
  3 gnolls (D:2)
  A white imp (D:4)
  A howler monkey simulacrum (D:4)
  An adder skeleton (D:4)
  A worm (D:2)
  A dart slug (D:4)
  2 adder simulacra (D:4)
  8 ball pythons
  An endoplasm (D:3)
  5 giant cockroaches
  6 goblins
  7 hobgoblins
  5 jackals
  3 kobolds
  2 quokkas
  5 bats
  3 frilled lizards
  7 rats
75 creatures vanquished.

Notes
Turn   | Place    | Note
-------+----------+-------------------------------------------
     0 | D:1      | SensoryNuts the Vampire Gladiator began the quest for the
                  | Orb.
     0 | D:1      | Reached XP level 1. HP: 16/16 MP: 1/1
   103 | D:1      | Found a faded altar of an unknown god.
   131 | D:1      | Prayed at the altar of an unknown god.
   131 | D:1      | Became a worshipper of Dithmenos the Shadowed
   131 | D:1      | Reached * piety under Dithmenos
   226 | D:1      | Reached XP level 2. HP: 22/22 MP: 2/2
   942 | D:2      | Noticed Jessica
   947 | D:2      | Killed Jessica
   948 | D:2      | Reached skill level 4 in Short Blades
   948 | D:2      | Gained mutation: You are afflicted with vampirism and can
                  | become a bat while bloodless. [Vampire growth]
   948 | D:2      | Reached XP level 3. HP: 27/27 MP: 3/3
  1047 | D:2      | Reached ** piety under Dithmenos
  1048 | D:2      | Reached XP level 4. HP: 29/33 MP: 4/4
  1069 | D:2      | Reached skill level 1 in Stealth
  1497 | D:2      | Noticed Sigmund
  1530 | D:2      | Killed Sigmund
  1531 | D:2      | Reached skill level 5 in Short Blades
  1531 | D:2      | Reached skill level 1 in Armour
  1531 | D:2      | Reached XP level 5. HP: 20/39 MP: 5/5
  1531 | D:2      | Reached XP level 6. HP: 24/46 MP: 6/6
  2692 | D:4      | Noticed KennySheep's ghost (novice DECj)
  2692 | D:4      | Noticed an ice beast
  2715 | D:4      | Found a runed translucent gate.
  2715 | D:4      | Found a runed translucent gate.
  2715 | D:4      | Found a runed translucent gate.
  2747 | D:4      | Found an opulent altar of Gozag.
  2827 | D:4      | Found a staircase to the Ecumenical Temple.
  2988 | D:4      | Found a sand-covered staircase.
  3423 | D:4      | Killed an ice beast
  3424 | D:4      | Reached skill level 6 in Short Blades
  3424 | D:4      | Reached XP level 7. HP: 26/52 MP: 7/7
  3431 | D:4      | HP: 1/52 [howler monkey simulacrum (3)]
  3462 | D:4      | Mangled by KennySheep's ghost

Illustrated notes

Levels and vault maps discovered:
D:1:      dpeg_arrival_round_c, layout_loops_ring,
          dreamdust_ecumenical_altar_angels_and_demons
D:2:      layout_basic, kennysheep_generic_room_7, uniq_jessica, uniq_sigmund
D:3:      layout_basic
D:4:      layout_gridville, grunt_gozag_breadcrumbs,
          minmay_temple_entry_junction_2, gammafunk_ghost_icy, enter_ossuary_1

Skill      XL: |  1  2  3  4  5  6 |
---------------+-------------------+-----
Fighting       | 2 3 |  3.1
Short Blades   | 4 5 6 |  6.0
Dodging        | 4 |  4.9
Stealth        | 1 2 |  2.9
Armour         | 1 2 |  2.5
Throwing       | |  1.6

Action                   |  1- 3 |  4- 6 |  7- 9 || total
-------------------------+-------+-------+-------++-------
Melee: Rapier            |    33 |       |       ||    33
       Bite              |    11 |    20 |     2 ||    33
       Dagger            |    70 |   190 |    11 ||   271
  Use: Potion            |       |     5 |       ||     5
       Scroll            |       |     4 |       ||     4
 Stab: Sleeping          |     3 |     5 |       ||     8
Armor: Leather armour    |    29 |    25 |       ||    54
       Plate armour      |       |    55 |    14 ||    69
Dodge: Dodged            |    55 |    87 |     2 ||   144

Table legend: (Time is in decaauts)
 A = Elapsed time spent in this place.
 B = Non-inter-level travel time spent in this place.
 C = Inter-level travel time spent in this place.
 D = Time resting spent in this place.
 E = Time spent auto-exploring this place.
 F = Levels seen in this place.
 G = Mean time per level.
                   A        B        C        D        E       F      G
               +--------+--------+--------+--------+--------+-----+--------+
         Total |   3402 |   3402 |      0 |      0 |   2588 |   4 |  850.5 |
       Dungeon |   3402 |   3402 |      0 |      0 |   2588 |   4 |  850.5 |
               +--------+--------+--------+--------+--------+-----+--------+

Top non-repeatable levels by time:
     D:3: 889 daAuts
     D:4: 857 daAuts
     D:2: 832 daAuts
     D:1: 822 daAuts
